 Dungeon Crawl Stone Soup version 0.29.0-4-gdea44cf6ec (webtiles) character file.

Game seed: 1498408854704313829

2623 Lochraine the Destroyer (level 9, -7/62 HPs)
             Began as a Pale Draconian Conjurer on Aug 27, 2022.
             Was a Believer of Sif Muna.
             Mangled by a six-headed hydra (11 damage)
             ... on level 6 of the Dungeon.
             The game lasted 00:17:58 (7308 turns).

Lochraine the Destroyer (Pale Draconian Conjurer)   Turns: 7308, Time: 00:17:59

Health: -7/62      AC:  9    Str: 11    XL:     9   Next: 34%
Magic:  20/20      EV: 12    Int: 24    God:    Sif Muna [**....]
Gold:   268        SH:  0    Dex:  9    Spells: 16/23 levels left

rFire   . . .      SeeInvis +   C - +1 hand axe "Daivuimn" {elec, Fly Int+2 SInv}
rCold   . . .      Faith    .   (no shield)
rNeg    . . .      Spirit   .   (body armour unavailable)
rPois   .          Reflect  .   (helmet restricted)
rElec   .          Harm     .   F - +0 cloak
rCorr   .          Rampage  .   x - +0 pair of gloves
Will    +....                   (no boots)
Stlth   ++........              (no amulet)
HPRegen 0.20/turn               q - ring of willpower
MPRegen 0.17/turn               l - +4 ring of slaying

@: flying
A: breathe steam, AC +7, unfitting armour, cold-blooded, steam resistance
a: Breathe Steam, Renounce Religion, Channel Magic


You were on level 6 of the Dungeon.
You worshipped Sif Muna.
Sif Muna was pleased with you.
You visited 2 branches of the dungeon, and saw 7 of its levels.

You collected 268 gold pieces.

Inventory:

Hand Weapons
 d - a +2 hand axe of freezing
   (You found it on level 1 of the Dungeon)
 C - the +1 hand axe "Daivuimn" (weapon) {elec, Fly Int+2 SInv}
   (You found it on level 5 of the Dungeon)

   It occasionally discharges a powerful burst of electricity upon striking a
   foe.
   Int:       It affects your intelligence (+2).
   SInv:      It lets you see invisible.
   Fly:       It grants you flight.
Missiles
 A - a throwing net
Armour
 u - a scarf of invisibility
   (You found it on level 4 of the Dungeon)
 x - a +0 pair of gloves (worn)
   (You found it on level 4 of the Dungeon)
 F - a +0 cloak (worn)
   (You found it on level 6 of the Dungeon)
Magical Staves
 w - a staff of cold
   (You found it on level 4 of the Dungeon)
Jewellery
 e - a ring of flight
   (You found it on level 1 of the Dungeon)
 l - a +4 ring of slaying (right hand)
   (You found it on level 2 of the Dungeon)
 q - a ring of willpower (left hand)
   (You found it on level 3 of the Dungeon)
Wands
 t - a wand of flame (23)
   (You found it on level 5 of the Dungeon)
 v - a wand of digging (3)
   (You found it on level 3 of the Dungeon)
 y - a wand of charming (8)
   (You found it on level 4 of the Dungeon)
Scrolls
 b - 2 scrolls of poison {unknown}
 c - 2 scrolls of silence {unknown}
 g - 3 scrolls of noise {unknown}
 h - 9 scrolls of identify {@r1}
 i - a scroll of torment {unknown}
 j - 2 scrolls of teleportation {unknown}
 r - a scroll of magic mapping {unknown}
 D - a scroll of enchant armour {unknown}
 E - a scroll of fog {unknown}
Potions
 a - 3 potions of magic
 f - a potion of berserk rage {unknown}
 k - a potion of brilliance {unknown}
 m - a potion of curing {@q1}
 n - 2 potions of mutation {unknown}
 o - 3 potions of lignification {unknown}
 p - a potion of resistance {unknown}
 s - 2 potions of flight {unknown}
 z - a potion of attraction {unknown}
 B - a potion of might


   Skills:
 - Level 1.7 Dodging
 - Level 1.7 Stealth
 + Level 7.5 Spellcasting
 + Level 9.0 Conjurations
 + Level 3.6 Hexes
 + Level 4.3 Invocations


You had 16 spell levels left.
You knew the following spells:

 Your Spells              Type           Power      Damage    Failure   Level
a - Magic Dart            Conj           100%       1d8       1%          1
b - Searing Ray           Conj           100%       2d8       1%          2
c - Fulminant Prism       Conj/Hex       19%        3d11      4%          4

Your spell library contained the following spells:

 Spells                   Type           Power      Damage    Failure   Level
 Dazzling Flash           Conj/Hex       78%        N/A       1%          3
 Summon Small Mammal      Summ           36%        N/A       7%          1
 Summon Guardian Golem    Hex/Summ       17%        N/A       10%         3
 Iskenderun's Mystic Bla  Conj/Tloc      30%        2d8       11%         4
 Call Canine Familiar     Summ           9%         N/A       21%         3
 Animate Dead             Necr           9%         N/A       56%         4
 Borgnjor's Vile Clutch   Necr/Erth      4%         N/A       88%         5
 Death Channel            Necr           4%         N/A       100%        6


Dungeon Overview and Level Annotations

Branches:
Dungeon (6/15)             Temple (1/1) D:4

Altars:
Ashenzari
Dithmenos
Elyvilon
Fedhas
Gozag
Hepliaklqana
Kikubaaqudgha
Nemelex Xobeh
Qazlal
Ru
Sif Muna
Trog
Uskayaw
Vehumet
Xom
Zin

Shops:
D:1 (


Innate Abilities, Weirdness & Mutations

You can breathe blasts of scalding, opaque steam.
Your pale cyan-grey scales are hard. (AC +7)
You cannot fit into any form of body armour.
You are cold-blooded and may be slowed by cold attacks.
You are immune to the effects of steam.


Message History

The vampire mosquito closely misses you.
You barely miss the vampire mosquito. The vampire mosquito bites you.
The vampire mosquito draws strength from your injuries!
The vampire mosquito bites you but does no damage.
You barely miss the vampire mosquito. The vampire mosquito bites you!
The vampire mosquito draws strength from your injuries!
The vampire mosquito misses you.
Aim: a six-headed hydra (90% to hit)
You exhale a blast of scalding steam.
The ball of steam hits the six-headed hydra!
Okay, then.
Unknown command.
Okay, then.
Unknown command.
As you read the scroll labelled CAMNOMNYTZAC, it crumbles to dust.
It is a scroll of identify.
B - a potion of might The six-headed hydra is engulfed in a cloud of scalding steam.
The six-headed hydra misses you.
The six-headed hydra bites you but does no damage. x2
The six-headed hydra misses you. The six-headed hydra bites you!
The six-headed hydra bites you but does no damage.
Okay, then.
The six-headed hydra is engulfed in a cloud of scalding steam.
Aim: a six-headed hydra (moderately wounded, chance to affect: 17%)
Okay, then.
The six-headed hydra attacks as you move away!
The six-headed hydra bites you but does no damage.
The six-headed hydra closely misses you.
The six-headed hydra bites you!
* * * LOW HITPOINT WARNING * * *
The six-headed hydra bites you but does no damage.
The six-headed hydra bites you!
* * * LOW HITPOINT WARNING * * *
The six-headed hydra completely misses you.
The six-headed hydra attacks as you move away!
The six-headed hydra bites you!
* * * LOW HITPOINT WARNING * * *
The six-headed hydra misses you. The six-headed hydra bites you.
* * * LOW HITPOINT WARNING * * *
The six-headed hydra barely misses you. The six-headed hydra bites you.
* * * LOW HITPOINT WARNING * * *
The six-headed hydra bites you but does no damage.
You feel better.
You have got your breath back.
The vampire mosquito bites you!
* * * LOW HITPOINT WARNING * * *
The vampire mosquito draws strength from your injuries!
The six-headed hydra bites you!
You die...

#####......
#..........
#.#...(....
###.##.......
#...#####....
#.### #####
####.#
####....#
##D@..####
###.y#### ##
#...## ..
#.### #.##.#
#ยง..# #.##.#
# ###


You could see a six-headed hydra and a vampire mosquito.

Vanquished Creatures
  A manticore (D:6)
  Sigmund (D:4)
  Duvessa (D:5)
  3 black bears
  3 ogres
  A centaur (D:6)
  3 phantoms
  An elf zombie (D:4)
  3 scorpions
  Blork the orc (D:5)
  2 elf skeletons (D:4)
  Dowan (D:5)
  2 human zombies (D:4)
  2 hounds
  2 orc priests (D:6)
  An iguana (D:6)
  7 orc wizards
  Terence (D:3)
  3 human skeletons (D:4)
  3 gnolls (D:5)
  7 adders
  A shadow imp (D:6)
  An ufetubus (D:4)
  3 worms
  6 dart slugs
  19 orcs
  7 ball pythons
  2 bats
  3 endoplasms
  8 giant cockroaches
  2 goblins (D:2)
  3 hobgoblins
  4 jackals (D:1)
  7 quokkas
  3 frilled lizards
  5 kobolds
  3 orc skeletons (D:4)
  21 rats
147 creatures vanquished.

Vanquished Creatures (others)
  A human (D:4)
  3 fulminant prisms
  2 plants (D:1)
6 creatures vanquished.

Grand Total: 153 creatures vanquished

Notes
Turn   | Place    | Note
-------+----------+-------------------------------------------
     0 | D:1      | Lochraine the Draconian Conjurer began the quest for the
                  | Orb.
     0 | D:1      | Reached XP level 1. HP: 14/14 MP: 3/3
   122 | D:1      | Found a faded altar of an unknown god.
   323 | D:1      | Reached XP level 2. HP: 20/20 MP: 5/5
   892 | D:1      | Found Kazam's Antique Weapon Emporium.
   896 | D:1      | Learned a level 2 spell: Searing Ray
  1045 | D:2      | Reached XP level 3. HP: 25/26 MP: 7/7
  1858 | D:3      | Reached XP level 4. HP: 33/33 MP: 6/8
  1933 | D:3      | Reached skill level 5 in Conjurations
  2298 | D:3      | Noticed Terence
  2314 | D:3      | Killed Terence
  2315 | D:3      | Reached XP level 5. HP: 14/38 MP: 1/10
  2858 | D:4      | Found a staircase to the Ecumenical Temple.
  2865 | Temple   | Entered the Ecumenical Temple
  3267 | Temple   | Became a worshipper of Sif Muna the Loreminder
  3445 | D:4      | Noticed a phantom
  3458 | D:4      | Killed a phantom
  3746 | D:4      | Reached XP level 6. HP: 27/45 MP: 12/12
  3760 | D:4      | Reached skill level 6 in Conjurations
  4105 | D:4      | Reached * piety under Sif Muna
  4106 | D:4      | Reached skill level 5 in Spellcasting
  4117 | D:4      | Your scales start taking on a pale cyan-grey colour.
  4117 | D:4      | Reached XP level 7. HP: 35/50 MP: 10/14
  4117 | D:4      | Gained mutation: You are immune to the effects of steam.
                  | [Pale Draconian growth]
  4423 | D:4      | Found a radiant altar of Vehumet.
  4471 | D:4      | Reached skill level 7 in Conjurations
  4627 | D:4      | Noticed Sigmund
  4651 | D:4      | Found a blossoming altar of Fedhas.
  4863 | D:4      | Reached ** piety under Sif Muna
  5003 | D:4      | Found an ancient bone altar of Kikubaaqudgha.
  5004 | D:4      | Noticed a human
  5006 | D:4      | Killed a human
  5103 | D:4      | Killed Sigmund
  5104 | D:4      | Reached XP level 8. HP: 57/57 MP: 17/17
  5107 | D:4      | Found a sacrificial altar of Ru.
  5141 | D:5      | Entered Level 5 of the Dungeon
  5147 | D:5      | Learned a level 4 spell: Fulminant Prism
  5169 | D:5      | Reached skill level 8 in Conjurations
  5233 | D:5      | Reached skill level 1 in Hexes
  5233 | D:5      | Reached skill level 1 in Invocations
  5338 | D:5      | Noticed Duvessa
  5338 | D:5      | Noticed Dowan
  5338 | D:5      | Noticed Blork the orc
  5342 | D:5      | Killed Dowan
  5343 | D:5      | Killed Blork the orc
  5344 | D:5      | Killed Duvessa
  5684 | D:5      | Identified the +1 hand axe "Daivuimn" {elec, Fly Int+2
                  | SInv}
  6196 | D:6      | Reached XP level 9. HP: 32/62 MP: 13/19
  7286 | D:6      | Noticed a manticore
  7291 | D:6      | Killed a manticore
  7292 | D:6      | Reached skill level 9 in Conjurations
  7297 | D:6      | Noticed a six-headed hydra
  7307 | D:6      | HP: 1/62 [six-headed hydra (4)]
  7308 | D:6      | Mangled by a six-headed hydra

Illustrated notes

Levels and vault maps discovered:
D:1:      mrwooster_arrival_statue, layout_basic,
          chequers_ecumenical_altar_simple, serial_shops,
          nicolae_shop_overgrown_old_shop, hex_intersection,
          minmay_misc_feat_roman
D:2:      layout_loops_ring
D:3:      layout_rooms, grunt_ministairs_13, hex_tiny, uniq_terence
D:4:      layout_rooms, nicolae_vehumet_radiance, kennysheep_mini,
          nicolae_ru_path_of_blood, tgw_kikubaaqudgha,
          minmay_temple_entry_mini_moons, nicolae_ossuary_entry_catacombs,
          minmay_rat_hole, uniq_sigmund
D:5:      layout_loops_cross, uniq_duvessa, uniq_blork_the_orc
D:6:      minmay_cornered_nines, layout_layer_cave
Temple:   minmay_temple_forest_path

Skill      XL: |  1  2  3  4  5  6  7  8  9 |
---------------+----------------------------+-----
Spellcasting   | 3 4 5 6 7 |  7.5
Conjurations   | 5 6 7 8 9 |  9.0
Hexes          | 2 3 |  3.6
Invocations    | 3 4 |  4.3
Dodging        | |  1.7
Stealth        | |  1.7

Action                   |  1- 3 |  4- 6 |  7- 9 || total
-------------------------+-------+-------+-------++-------
Melee: Hand axe          |    69 |    73 |    80 ||   222
       Tailslap          |     7 |    11 |    13 ||    31
       Punch             |     1 |     1 |       ||     2
 Cast: Magic Dart        |    26 |    26 |    48 ||   100
       Searing Ray       |     3 |    11 |     7 ||    21
       Fulminant Prism   |       |       |     3 ||     3
 Abil: Breathe Steam     |       |       |    13 ||    13
Evoke: Wand              |       |     3 |       ||     3
  Use: Scroll            |       |       |     1 ||     1
       Potion            |       |       |     1 ||     1
 Stab: Sleeping          |     7 |     4 |       ||    11
Armor: Skin              |    29 |    32 |    38 ||    99
Dodge: Dodged            |    67 |    57 |    57 ||   181
